 Dungeon Sprint DCSS version 0.23.1 (webtiles) character file.

Game seed: 12786546639830160487

711 nuthulu the Fighter (level 7, 0/138 HPs)
             Began as an Ogre Berserker on Mar 7, 2019.
             Was a Priest of Trog.
             Slain by a kobold demonologist
             ... wielding a +3 dagger
              (3 damage)
             ... in the Dungeon (Sprint I: "Red Sonja").
             The game lasted 00:01:20 (1181 turns).

nuthulu the Fighter (Ogre Berserker)                Turns: 1181, Time: 00:01:20

Health: 0/138      AC:  3    Str: 29    XL:     7   Next: 68%
Magic:  7/7        EV:  1    Int:  8    God:    Trog [***...]
Gold:   414        SH:  0    Dex: -4 (8) Spells: 6/6 levels left

rFire    . . .     SeeInvis .   k - +0 giant club
rCold    . . .     Gourm    .   (shield currently unavailable)
rNeg     . . .     Faith    .   b - +0 animal skin
rPois    .         Spirit   .   (helmet restricted)
rElec    .         Reflect  .   (no cloak)
rCorr    .         Harm     .   (gloves unavailable)
MR       ++...     NoTele   +   (boots unavailable)
Stlth    ..........             (no amulet)
HPRegen  1.33/turn              (no ring)
MPRegen  0.10/turn              (no ring)

@: berserking (expiring), regenerating, slowed, lost dexterity
A: large, unfitting armour, tough skin 1
a: Berserk, Trog's Hand, Renounce Religion


You were in the Dungeon.
You worshipped Trog.
Trog was most pleased with you.
You were near starving.

You visited 1 branch You collected 414 gold pieces.

Inventory:

Hand Weapons
 a - a +0 mace
 k - a +0 giant club (weapon)
Armour
 b - a +0 animal skin (worn)
Wands
 j - a wand of digging (6)
Scrolls
 i - a scroll of blinking
Potions
 e - a potion of heal wounds
 f - a potion of haste
 g - 2 potions of magic
 h - a potion of berserk rage


   Skills:
 + Level 12.5 Fighting
 + Level 9.1 Maces & Flails
 + Level 9.1 Dodging


You had 6 spell levels left.
You didn't know any spells.
Your spell library was empty.

Dungeon Overview and Level Annotations

Branches:
Dungeon (1/1)

Altars:
Cheibriados
Dithmenos
Elyvilon
Fedhas
Gozag
Hepliaklqana
Kikubaaqudgha
Makhleb
Nemelex Xobeh
Okawaru
Qazlal
Ru
Sif Muna
Trog
Uskayaw
Vehumet
Wu Jian
Xom
Yredelemnul
Zin
The Shining One
Jiyva
Lugonu

Shops:
D [


Innate Abilities, Weirdness & Mutations

You are too large for most types of armour.
You have tough skin. (AC +1)


Message History

The hellwing hits you.
* * * LOW HITPOINT WARNING * * *
The hellwing hits you.
* * * LOW HITPOINT WARNING * * *
The kobold demonologist begins to cast a cantrip, but forgets the words!
The kobold demonologist hits you but does no damage.
You barely miss the kobold demonologist.
The kobold demonologist is heavily wounded.
The quasit bites you but does no damage.
The quasit claws you.
* * * LOW HITPOINT WARNING * * *
The quasit claws you but does no damage.
The hellwing hits you!
* * * LOW HITPOINT WARNING * * *
The hellwing hits you.
* * * LOW HITPOINT WARNING * * *
The kobold demonologist hits you with a +0 dagger.
* * * LOW HITPOINT WARNING * * *
The kobold demonologist hits you with a +3 dagger.
You die...

#####################
.'..#..'..#__#5K@K5.#
.#..').#..'^.554#45.#
###'#####'#__####5..+
##..#...#(#### ####
_####..##.#
____##'#_.+
.∩...÷..._#
..__##_.#+# ____###+#


You could see a hellwing, a rust devil, 2 kobold demonologists, 2 iron imps, 3
quasits and a shadow imp.

Vanquished Creatures
  A slime creature (D)
  Sigmund (D)
  A yak (D)
  A floating eye (D)
  An ogre (D)
  A jelly (D)
  Ijyb (D)
7 creatures vanquished.

Notes
Turn   | Place    | Note
-------+----------+-------------------------------------------
     0 | D        | nuthulu the Ogre Berserker began the quest for the Orb.
     0 | D        | Reached XP level 1. HP: 24/24 MP: 1/1
     1 | D        | Noticed Ijyb
    23 | D        | HP: 1/36 [Ijyb/+0 dagger (6)]
    26 | D        | Killed Ijyb
    26 | D        | Reached skill level 5 in Fighting
    26 | D        | Reached XP level 2. HP: 2/36 MP: 2/2
    26 | D        | Reached XP level 3. HP: 2/44 MP: 3/3
   394 | D        | Noticed an ogre
   400 | D        | Killed an ogre
   400 | D        | Reached skill level 8 in Fighting
   400 | D        | Reached skill level 5 in Maces & Flails
   400 | D        | Reached skill level 5 in Dodging
   400 | D        | Reached XP level 4. HP: 45/57 MP: 4/4
   534 | D        | Noticed Sigmund
   548 | D        | Killed Sigmund
   548 | D        | Reached ** piety under Trog
   548 | D        | Reached skill level 10 in Fighting
   548 | D        | Reached XP level 5. HP: 68/68 MP: 5/5
   548 | D        | Reached XP level 6. HP: 78/78 MP: 6/6
   649 | D        | Found an ornate altar of the Wu Jian Council.
   649 | D        | Found a deep blue altar of Sif Muna.
   651 | D        | Found a radiant altar of Vehumet.
   883 | D        | Found Ryemir's Antique Armour Emporium.
   883 | D        | Found an ancient bone altar of Kikubaaqudgha.
   883 | D        | Found a hazy altar of Hepliaklqana.
   883 | D        | Found a hide-covered altar of Uskayaw.
   883 | D        | Found a basalt altar of Yredelemnul.
   883 | D        | Found an opulent altar of Gozag.
   883 | D        | Found a snail-covered altar of Cheibriados.
   883 | D        | Found a sacrificial altar of Ru.
   883 | D        | Found a shadowy altar of Dithmenos.
   883 | D        | Noticed a yak
   892 | D        | Killed a yak
   892 | D        | Reached skill level 11 in Fighting
   892 | D        | Reached XP level 7. HP: 64/88 MP: 7/7
   893 | D        | Found a stormy altar of Qazlal.
   893 | D        | Found a blossoming altar of Fedhas.
   893 | D        | Found a bloodstained altar of Trog.
   893 | D        | Found an iron altar of Okawaru.
   893 | D        | Found a glowing golden altar of the Shining One.
   893 | D        | Found a glowing silver altar of Zin.
   893 | D        | Found a white marble altar of Elyvilon.
   896 | D        | Found a sparkling altar of Nemelex Xobeh.
  1002 | D        | Found a viscous altar of Jiyva.
  1002 | D        | Found a corrupted altar of Lugonu.
  1002 | D        | Noticed a slime creature
  1003 | D        | Found a burning altar of Makhleb.
  1003 | D        | Found a shimmering altar of Xom.
  1006 | D        | Killed a slime creature
  1006 | D        | Reached *** piety under Trog
  1006 | D        | Reached skill level 12 in Fighting
  1154 | D        | Noticed a kobold demonologist
  1155 | D        | Noticed a kobold demonologist
  1155 | D        | Paralysed by a floating eye for 2 turns
  1156 | D        | Noticed a chaos spawn
  1171 | D        | Noticed a hellwing
  1172 | D        | Lost dexterity.
  1176 | D        | Noticed a rust devil
  1181 | D        | HP: 6/138 [hellwing[a kobold demonologist] (3)]
  1181 | D        | Slain by a kobold demonologist

Skill      XL: |  1  2  3  4  5  6  7 |
---------------+----------------------+-----
Fighting       | 5 8 10 11 12 | 12.5
Maces & Flails | 4 5 7 8 9 |  9.1
Dodging        | 4 5 7 8 9 |  9.1

Action                   |  1- 3 |  4- 6 |  7- 9 || total
-------------------------+-------+-------+-------++-------
Melee: Mace              |    27 |       |       ||    27
       Giant club        |       |    20 |    20 ||    40
Invok: Berserk           |     2 |     1 |     1 ||     4
       Trog's Hand       |       |       |     1 ||     1
  Use: Potion            |       |     1 |       ||     1
  Eat: Ration            |       |     1 |       ||     1
Armor: Animal skin       |     7 |     3 |    57 ||    67
Dodge: Dodged            |     9 |    12 |    27 ||    48
